 Dungeon Crawl Stone Soup version 0.23.2-1-ga50397a (webtiles) character file.

Game seed: 9478824513443916148

95 vlazyslath the Grave Robber (level 4, -6/30 HPs)
             Began as a Vampire Necromancer on May 2, 2019.
             Mangled by a black bear (8 damage)
             ... on level 7 of the Dungeon.
             The game lasted 00:43:27 (4066 turns).

vlazyslath the Grave Robber (Vampire Necromancer)   Turns: 4066, Time: 00:43:28

Health: -6/30      AC:  4    Str:  7    XL:     4   Next: 39%
Magic:  7/8        EV: 13    Int: 18    God:
Gold:   222        SH:  0    Dex: 14    Spells: 8/9 levels left

rFire    . . .     SeeInvis +   r - +0 rapier
rCold    + + .     Gourm    .   (no shield)
rNeg     + + +     Faith    .   n - +0 robe
rPois    ∞         Spirit   .   (no helmet)
rElec    .         Reflect  .   (no cloak)
rCorr    .         Harm     .   (no gloves)
MR       .....                  d - +1 pair of boots
Stlth    +++++.....             (no amulet)
HPRegen  0.00/turn              (no ring)
MPRegen  0.11/turn              (no ring)

@: bloodless, non-regenerating
A: fangs 3, see invisible, unbreathing
a: Bat Form


You were on level 7 of the Dungeon.
You were bloodless.

You visited 1 branch of the dungeon, and saw 6 of its levels.

You collected 222 gold pieces.

Inventory:

Hand Weapons
 b - a +0 dagger
 q - a +1 trident of flaming
 r - a +0 rapier (weapon)
Armour
 a - a +0 robe (quivered)
 d - a +1 pair of boots (worn)
 m - a +1 pair of boots
 n - a +0 robe (worn)
Jewellery
 l - a cursed ring of teleportation {unknown}
Scrolls
 e - 4 scrolls of remove curse
 f - a scroll of fear {unknown}
 g - 3 scrolls of identify
 k - a scroll of enchant armour
 o - a scroll of blinking {unknown}
 s - a scroll of noise {unknown}
Potions
 c - a potion of heal wounds {unknown}
 h - a potion of lignification {unknown}
 j - a potion of haste {unknown}
 p - a potion of resistance {unknown}


   Skills:
 + Level 0.1 Fighting
 + Level 2.4 Dodging
 + Level 3.9 Stealth
 + Level 3.0 Spellcasting
 + Level 5.4 Necromancy


You had 8 spell levels left.
You knew the following spells:

 Your Spells              Type           Power        Failure   Level  Hunger
a - Pain                  Necr           ###.         1%          1    None

Your spell library contained the following spells:

 Spells                   Type           Power        Failure   Level  Hunger
 Animate Skeleton         Necr           N/A          1%          1    None
 Vampiric Draining        Necr           ###.......   5%          3    ###....
 Regeneration             Chrm/Necr      ##........   16%         3    ###....
 Animate Dead             Necr           N/A          19%         4    ####...


Dungeon Overview and Level Annotations

Branches:
Dungeon (5/15)             Temple (0/1) D:7

Altars:
Qazlal
Trog
Xom

Annotations:
D:7 Joseph, Pikel


Innate Abilities, Weirdness & Mutations

You do not heal naturally.
You are immune to poison.
You have razor-sharp teeth.
You have supernaturally acute eyesight. (SInv)
You can survive without breathing.


Message History

It is a scroll of identify.
i - 2 scrolls of teleportation
As you read the scroll of teleportation, it crumbles to dust.
You feel strangely unstable. The black bear bites you!
The black bear closely misses you. The black bear claws you.
As you read the scroll of teleportation, it crumbles to dust.
You feel strangely stable. The big kobold hits you.
* * * LOW HITPOINT WARNING * * *
The black bear bites you.
* * * LOW HITPOINT WARNING * * *
The black bear claws you.
* * * LOW HITPOINT WARNING * * *
The black bear claws you.
* * * LOW HITPOINT WARNING * * *
As you read the scroll labeled OHE GESYOSU, it crumbles to dust.
It is a scroll of enchant armour.
Your +0 pair of boots glows green for a moment.
The big kobold hits you but does no damage.
The black bear bites you!
You die...

#..# #.####.# #..# #.#
#.# #.O# #.# #># #..#
#.# #.# #..# #.# #.#
#..###.####.#
#...........#
#######%###.#######.####
.........>#...Oh@KKK....
######.......#######.###
####.##.# #.##.# #.##.#
#.##.# #....# #.#### ###


You could see a two-headed ogre, a black bear, a big kobold and 2 kobolds.

Vanquished Creatures
  4 adders
  2 worms
  2 dart slugs
  5 orcs (D:3)
  3 ball pythons
  5 bats
  4 giant cockroaches
  2 goblins
  4 hobgoblins
  3 jackals (D:3)
  4 frilled lizards
  3 kobolds
  4 rats
45 creatures vanquished.

Notes
Turn   | Place    | Note
-------+----------+-------------------------------------------
     0 | D:1      | vlazyslath the Vampire Necromancer began the quest for the
                  | Orb.
     0 | D:1      | Reached XP level 1. HP: 13/13 MP: 3/3
   318 | D:1      | Reached XP level 2. HP: 14/19 MP: 1/5
   985 | D:2      | Reached XP level 3. HP: 18/24 MP: 0/6
  1145 | D:2      | Reached skill level 5 in Necromancy
  1461 | D:3      | Noticed a phantom
  2246 | D:3      | Reached XP level 4. HP: 24/30 MP: 3/8
  2888 | D:4      | You are sucked into a shaft!
  2888 | D:5      | Entered Level 5 of the Dungeon
  3019 | D:5      | You fall through a shaft for 2 floors!
  3046 | D:7      | Noticed an orc warrior
  3073 | D:7      | Found a stormy altar of Qazlal.
  3073 | D:7      | Noticed an ogre
  3078 | D:7      | Found a shimmering altar of Xom.
  3081 | D:7      | Found a bloodstained altar of Trog.
  3733 | D:7      | Noticed an ogre
  3871 | D:7      | Noticed a slave
  3871 | D:7      | Noticed a slave
  3872 | D:7      | Noticed Pikel
  3872 | D:7      | Noticed a slave
  3872 | D:7      | Noticed a slave
  3961 | D:7      | Noticed Joseph
  3990 | D:7      | Noticed a black bear
  4032 | D:7      | Found a staircase to the Ecumenical Temple.
  4032 | D:7      | Noticed a two-headed ogre
  4061 | D:7      | Noticed a big kobold
  4066 | D:7      | Mangled by a black bear

Skill      XL: |  1  2  3  4 |
---------------+-------------+-----
Necromancy     | 5 |  5.4
Spellcasting   | 3 |  3.0
Fighting       | |  0.1
Dodging        | |  2.4
Stealth        | |  3.9

Action                   |  1- 3 |  4- 6 || total
-------------------------+-------+-------++-------
Melee: Dagger            |    40 |     4 ||    44
       Bite              |     1 |     1 ||     2
       Trident           |       |     8 ||     8
 Cast: Pain              |    52 |     9 ||    61
 Abil: End Transformatio |     6 |     3 ||     9
       Bat Form          |     6 |     3 ||     9
  Use: Scroll            |       |     5 ||     5
       Potion            |       |     3 ||     3
 Stab: Sleeping          |    11 |     4 ||    15
Armor: Robe              |    11 |     1 ||    12
Dodge: Dodged            |    40 |    21 ||    61
